 Seeded DCSS version 0.29-a0-1009-g60c99734e7 (webtiles) character file.

Game seed: 20220808 (custom seed)

321 purpskrrrp the Trooper (level 6, 0/66 HPs)
             Began as an Ogre Hunter on Aug 8, 2022.
             Succumbed to Sigmund's poison
             ... on level 3 of the Dungeon.
             The game lasted 00:14:25 (2269 turns).

purpskrrrp the Trooper (Ogre Hunter)                Turns: 2269, Time: 00:14:26

Health: 0/66       AC:  4    Str: 16    XL:     6   Next: 46%
Magic:  4/6        EV: 10    Int: 10    God:
Gold:   485        SH:  0    Dex: 14    Spells: 5/5 levels left

rFire   . . .      SeeInvis .   a - +0 shortbow
rCold   . . .      Faith    .   (shield currently unavailable)
rNeg    . . .      Spirit   +   c - +1 robe
rPois   .          Reflect  .   (helmet restricted)
rElec   .          Harm     .   (no cloak)
rCorr   .          Rampage  .   (gloves unavailable)
Will    .....                   (boots unavailable)
Stlth   ++........              j - amulet of guardian spirit
HPRegen 0.21/turn               (no ring)
MPRegen 0.10/turn               (no ring)

@: brilliant, lethally poisoned (0 -> -5)
A: large, unfitting armour, tough skin 1
a: no special abilities


You were on level 3 of the Dungeon.
You visited 1 branch of the dungeon, and saw 3 of its levels.

You collected 675 gold pieces.
You spent 190 gold pieces at shops.

Inventory:

Hand Weapons
 a - a +0 shortbow (weapon)
 d - a +2 dagger of venom
Missiles
 l - a poisoned dart
 m - an atropa-tipped dart
Armour
 c - a +1 robe (worn)
Jewellery
 j - an amulet of guardian spirit (around neck)
Wands
 g - a wand of roots (3) (quivered)
Scrolls
 b - a scroll of immolation
 i - 3 scrolls of blinking {unknown}
 n - a scroll of silence {unknown}
 o - a scroll of summoning {unknown}
 q - a scroll of amnesia
 s - a scroll of teleportation {unknown}
 u - a scroll of identify
Potions
 e - a potion of mutation {unknown}
 f - 2 potions of attraction
 h - a potion of curing {unknown}
 k - a potion of brilliance
 r - a potion of magic {unknown}
 t - a potion of resistance {unknown}


   Skills:
 + Level 5.4 Fighting
 - Level 3.1 Ranged Weapons
 * Level 4.7 Throwing
 - Level 1.9 Dodging
 - Level 0.9 Stealth


You had 5 spell levels left.
You didn't know any spells.
Your spell library contained the following spells:

 Spells                   Type           Power      Damage    Failure   Level
 Beastly Appendage        Tmut           0%         N/A       36%         1
 Wereblood                Tmut           0%         N/A       50%         2
 Spider Form              Tmut/Pois      0%         N/A       75%         3


Dungeon Overview and Level Annotations

Branches:
Dungeon (3/15)

Altars:

Shops:
D:2 *


Innate Abilities, Weirdness & Mutations

You are too large for most types of armour.
You have tough skin. (AC +1)


Message History

The ball python hisses angrily.
A hobgoblin comes into view.
You clumsily bash Sigmund but do no damage.
Sigmund is almost dead.
You feel sick. Sigmund closely misses you.
You feel sick.
Sigmund hits you with a +1 scythe of venom.
* * * LOW HITPOINT WARNING * * *
You are lethally poisoned!
You barely miss the ball python.
* * * LOW HITPOINT WARNING * * *
You feel very sick. The ball python closely misses you.
The hobgoblin hits you but does no damage.
The ball python bites you but does no damage.
Sigmund closely misses you. The hobgoblin misses you.
* * * LOW HITPOINT WARNING * * *
You feel very sick. Sigmund completely misses you.
You bump into the rock wall.
You feel less confused.
* * * LOW HITPOINT WARNING * * *
You feel sick. The ball python barely misses you. x2
Really attack while wielding your +0 shortbow?
Okay, then.
Fire: a) +0 shortbow
Press: ? - help, Shift-Dir - straight line, f/p - Sigmund
Aim: Sigmund, wielding a +1 scythe of venom and wearing a +0 robe (almost dead, 58% to hit)
You shoot an arrow. The arrow hits Sigmund.
You kill Sigmund!
* * * LOW HITPOINT WARNING * * *
You feel sick. The ball python barely misses you.
A frilled lizard comes into view.
Your Fighting skill increases to level 5!
Your Throwing skill increases to level 4!
You have reached level 6!
You feel stronger.
It was a potion of brilliance.
You feel clever all of a sudden.
You die...

.... .##.## #.~~.##.#.
l..#.#.## #.~≈.#8.#.
#...###.## #.~≈.#).#.
#....###.# #.~~.##.#.
#....# #.# #.~~.##.#.
#....###.###.~~.##.#
##+#..g.##.#.##.≈~†#8.#
.....#S##.###.#.~~.#[.#
.......)@.####.#.~~.##'#
......#.#####.##.≈~.'..#
.........#.#.###.~~.#..#
.........#)#.# #.~~.#..#
.........##.## #.~~[#..#
.........#.#####.≈~.#..#
+#..#...##.###8#.~~.#..#
#..#..# ##.##.#.≈~.#..#
##..###≈~##..#


You could see a hobgoblin, a ball python and a frilled lizard (wandering).

Vanquished Creatures
  Sigmund (D:3)
  A jelly (D:3)
  Jessica (D:3)
  Ijyb (D:3)
  Robin (D:3)
  2 orcs (D:3)
  3 bats
  4 endoplasms
  4 giant cockroaches
  13 goblins
  7 hobgoblins
  7 jackals
  3 kobolds
  A quokka (D:1)
  3 ball pythons
  A frilled lizard (D:2)
  3 rats
56 creatures vanquished.

Notes
Turn   | Place    | Note
-------+----------+-------------------------------------------
     0 | D:1      | purpskrrrp the Ogre Hunter began the quest for the Orb.
     0 | D:1      | Reached XP level 1. HP: 22/22 MP: 1/1
    82 | D:1      | Reached skill level 3 in Fighting
   103 | D:1      | Reached XP level 2. HP: 31/31 MP: 2/2
   703 | D:1      | Identified a scroll of acquirement
   703 | D:1      | Acquired 569 gold pieces
   728 | D:2      | Reached skill level 1 in Throwing
   841 | D:2      | Found a faded altar of an unknown god.
  1074 | D:2      | Found Wigg's General Store.
  1102 | D:2      | Reached XP level 3. HP: 33/37 MP: 3/3
  1148 | D:2      | Bought 3 stones for 3 gold pieces
  1148 | D:2      | Bought a potion of heal wounds for 55 gold pieces
  1148 | D:2      | Bought a scroll of identify for 22 gold pieces
  1148 | D:2      | Bought a scroll of identify for 22 gold pieces
  1148 | D:2      | Bought a scroll of poison for 44 gold pieces
  1148 | D:2      | Bought a scroll of amnesia for 44 gold pieces
  1483 | D:3      | Noticed Ijyb
  1493 | D:3      | Killed Ijyb
  1557 | D:3      | Reached skill level 4 in Fighting
  1557 | D:3      | Reached XP level 4. HP: 43/48 MP: 4/4
  1625 | D:3      | Noticed Robin
  1692 | D:3      | Killed Robin
  1693 | D:3      | Reached XP level 5. HP: 19/55 MP: 0/5
  2081 | D:3      | Noticed Jessica
  2089 | D:3      | Killed Jessica
  2252 | D:3      | Noticed Sigmund
  2267 | D:3      | HP: 2/55 [poisoned by Sigmund]
  2268 | D:3      | Killed Sigmund
  2269 | D:3      | Reached skill level 5 in Fighting
  2269 | D:3      | Reached XP level 6. HP: 1/66 MP: 4/6
  2269 | D:3      | Succumbed to Sigmund's poison

Illustrated notes

Levels and vault maps discovered:
D:1:      sevenhm_arrival_forest_fort_small_4, layout_loops_cross
D:2:      layout_basic, serial_shops, shop, basic_ecumenical_altar
D:3:      wad_river_or_something, layout_basic, uniq_jessica, uniq_sigmund,
          uniq_ijyb, uniq_robin

Skill      XL: |  1  2  3  4  5 |
---------------+----------------+-----
Ranged Weapons | 3 |  3.1
Fighting       | 3 4 5 |  5.4
Throwing       | 1 2 3 4 |  4.7
Dodging        | |  1.9
Stealth        | |  0.9

Action                   |  1- 3 |  4- 6 || total
-------------------------+-------+-------++-------
Melee: Unarmed           |       |    46 ||    46
       Shortbow          |       |     2 ||     2
       Punch             |       |     1 ||     1
 Fire: Shortbow          |    70 |    72 ||   142
Throw: Dart              |    18 |     1 ||    19
       Stone             |    11 |       ||    11
Evoke: Wand              |       |     4 ||     4
  Use: Scroll            |     5 |       ||     5
       Potion            |     1 |     2 ||     3
Armor: Robe              |    21 |    30 ||    51
Dodge: Dodged            |    21 |    51 ||    72

Table legend: (Time is in decaauts)
 A = Elapsed time spent in this place.
 B = Non-inter-level travel time spent in this place.
 C = Inter-level travel time spent in this place.
 D = Time resting spent in this place.
 E = Time spent auto-exploring this place.
 F = Levels seen in this place.
 G = Mean time per level.
                   A        B        C        D        E       F      G
               +--------+--------+--------+--------+--------+-----+--------+
         Total |   2318 |   2289 |     29 |    251 |   1554 |   3 |  772.7 |
       Dungeon |   2318 |   2289 |     29 |    251 |   1554 |   3 |  772.7 |
               +--------+--------+--------+--------+--------+-----+--------+

Top non-repeatable levels by time:
     D:3: 832 daAuts
     D:2: 764 daAuts
     D:1: 721 daAuts
